 Dungeon Crawl Stone Soup version 0.30-a0-122-g2a1322497e (webtiles) character file.

Game seed: 15443088437193668150

523 Dreamer the Covert (level 7, -1/66 HPs)
             Began as a Naga Delver on Sept 15, 2022.
             Was an Initiate of Dithmenos.
             Slain by a gnoll sergeant
             ... wielding a +2 vorpal spear
              (8 damage)
             ... on level 4 of the Dungeon.
             The game lasted 00:12:21 (4662 turns).

Dreamer the Covert (Naga Delver)                    Turns: 4662, Time: 00:12:22

Health: -1/66      AC:  5    Str: 14    XL:     7   Next: 22%
Magic:  7/7        EV: 10    Int: 17    God:    Dithmenos [......]
Gold:   253        SH:  0    Dex: 14    Spells: 6/6 levels left

rFire   . . .      SeeInvis +    y - +2 dagger (venom)
rCold   . . .      Faith    .    (no shield)
rNeg    . . .      Spirit   .    b - +0 leather armour
rPois   +          Reflect  .    (no helmet)
rElec   .          Harm     .    B - +0 cloak
rCorr   +          Rampage  .    j - +0 pair of gloves
Will    .....                    (no barding)
Stlth   ++++......               (no amulet)
HPRegen 0.21/turn                v - ring of resist corrosion
MPRegen 0.10/turn                k - +6 ring of intelligence

@: very slow
A: AC +2, large, see invisible, deformed body, poison resistance, slowness 2,
spit poison 1, naga tail 1
a: Spit Poison, Renounce Religion


You were on level 4 of the Dungeon.
You worshipped Dithmenos.
Dithmenos was noncommittal.
You visited 2 branches of the dungeon, and saw 6 of its levels.

You collected 253 gold pieces.

Inventory:

Hand Weapons
 r - a +1 dagger of flaming
 s - a +2 short sword of venom
 y - a +2 dagger of venom (weapon)
Armour
 b - a +0 leather armour (worn)
 j - a +0 pair of gloves (worn)
 t - a +0 buckler
 B - a +0 cloak (worn)
Jewellery
 k - a +6 ring of intelligence (right hand)
 v - a ring of resist corrosion (left hand)
Wands
 g - a wand of digging (12)
Scrolls
 a - a scroll of vulnerability {unknown}
 c - a scroll of fog
 d - 2 scrolls of magic mapping
 e - a scroll of fear
 h - 2 scrolls of teleportation {unknown}
 i - 8 scrolls of identify {unknown}
 x - a scroll of noise {unknown}
 A - a scroll of immolation {unknown}
Potions
 f - 3 potions of haste
 l - 3 potions of degeneration {unknown}
 m - 3 potions of invisibility {unknown}
 n - a potion of brilliance {unknown}
 o - 3 potions of mutation {unknown}
 p - 4 potions of curing {unknown}
 q - a potion of heal wounds {unknown}
 u - a potion of lignification {unknown}
 w - a potion of flight {unknown}
 z - a potion of attraction {unknown}


   Skills:
 + Level 4.3 Fighting
 + Level 3.7 Short Blades
 + Level 3.1 Dodging
 * Level 10.3 Stealth


You had 6 spell levels left.
You didn't know any spells.
Your spell library contained the following spells:

 Spells                   Type           Power      Damage    Failure   Level
 Static Discharge         Conj/Air       0%         3-3/arc   41%         2
 Arcjolt                  Conj/Air       0%         1d10      100%        5
 Lightning Bolt           Conj/Air       0%         1d11      100%        5
 Maxwell's Capacitive Co  Air            0%         ∞         100%        8


Dungeon Overview and Level Annotations

Branches:
Dungeon (5/15)             Temple (1/1) D:4

Altars:
Cheibriados
Dithmenos
Elyvilon
Fedhas
Gozag
Hepliaklqana
Kikubaaqudgha
Makhleb
Okawaru
Qazlal
Ru
Sif Muna
Trog
Uskayaw
Vehumet
Wu Jian
Xom
Yredelemnul
Zin
The Shining One

Annotations:
D:5 exclusion: iguana


Innate Abilities, Weirdness & Mutations

Your serpentine skin is tough. (AC +2)
You have supernaturally acute eyesight. (SInv)
Armour fits poorly on your strangely shaped body.
Your system is resistant to poisons. (rPois)
You cover ground very slowly.
You can spit poison.
You have a snake-like lower body.


Message History

The gnoll sergeant misses you. The gnoll sergeant closely misses you.
The gnoll shouts!
You hit the gnoll.
The gnoll is poisoned.
The gnoll is lightly wounded.
You closely miss the gnoll.
The gnoll is lightly wounded.
The gnoll sergeant barely misses you. The gnoll closely misses you.
The gnoll hits you with a +1 vorpal flail.
You hit the gnoll.
The gnoll looks even sicker.
The gnoll is severely wounded.
The gnoll hits you from afar with a +0 halberd!
The gnoll sergeant hits you from afar with a +2 vorpal spear!
The gnoll closely misses you.
The gnoll hits you with a +1 vorpal flail.
You hit the gnoll.
The gnoll looks as sick as possible!
The gnoll is severely wounded.
The gnoll barely misses you.
The gnoll sergeant hits you from afar with a +2 vorpal spear.
The gnoll barely misses you. The gnoll closely misses you.
Why would you want to do that?
You kill the gnoll!
Dithmenos accepts your kill.
You see here 5 stones.
The gnoll sergeant hits you from afar with a +2 vorpal spear.
The gnoll closely misses you.
The gnoll sergeant hits you with a +2 vorpal spear.
* * * LOW HITPOINT WARNING * * *
x2 You see here 5 stones.
You hit the gnoll sergeant.
The gnoll sergeant is poisoned.
The gnoll sergeant is lightly wounded.
The gnoll hits you from afar with a +0 halberd!
* * * LOW HITPOINT WARNING * * *
The gnoll sergeant closely misses you.
You hit the gnoll sergeant but do no damage.
The gnoll sergeant looks as sick as possible!
The gnoll sergeant is lightly wounded.
The gnoll barely misses you.
The gnoll sergeant hits you with a +2 vorpal spear!
You die...

..##≈ #.!.#≈ # #.# .#.#≈
#...#≈≈#######.# .##.≈
#.).#≈≈........# .#
#≈###)###≈##.######
.###≈##≈.≈##≈###.######.#
...≈≈≈≈.≈≈≈≈# #........#
#######..g#####.########
####g###.## ##g@.## #####


You could see a gnoll sergeant (extremely poisoned) and 2 gnolls.

Vanquished Creatures
  An ogre (D:4)
  A phantom (D:4)
  A vampire bat (D:3)
  A howler monkey (D:4)
  Crazy Yiuf (D:4)
  A jelly (D:2)
  2 gnolls (D:4)
  3 adders (D:2)
  2 worms
  4 dart slugs
  3 fire bats (D:3)
  3 orcs (D:3)
  2 spectral bats (D:3)
  15 bats
  3 bat skeletons (D:3)
  A bat zombie (D:3)
  9 endoplasms
  8 giant cockroaches
  10 hobgoblins
  4 jackals (D:2)
  2 quokkas
  5 ball pythons
  A bat simulacrum (D:3)
  3 frilled lizards
  9 goblins
  7 kobolds
  5 rats
107 creatures vanquished.

Notes
Turn   | Place    | Note
-------+----------+-------------------------------------------
     0 | D:5      | Dreamer the Naga Delver began the quest for the Orb.
     0 | D:5      | Reached XP level 1. HP: 21/21 MP: 1/1
     4 | D:5      | Noticed an iguana
    33 | D:4      | Noticed a howler monkey
    73 | D:4      | Found a staircase to the Ecumenical Temple.
   221 | D:2      | Reached XP level 2. HP: 19/28 MP: 2/2
   766 | D:1      | Reached XP level 3. HP: 34/34 MP: 3/3
  1004 | D:1      | Reached skill level 8 in Stealth
  1843 | D:2      | Reached XP level 4. HP: 36/42 MP: 4/4
  2551 | D:2      | Reached XP level 5. HP: 49/49 MP: 5/5
  2882 | D:3      | Reached skill level 9 in Stealth
  2976 | D:3      | Reached XP level 6. HP: 40/57 MP: 6/6
  3345 | D:3      | Found a faded altar of an unknown god.
  3625 | D:4      | Reached skill level 10 in Stealth
  3636 | Temple   | Entered the Ecumenical Temple
  3701 | Temple   | Became a worshipper of Dithmenos the Shadowed
  4111 | D:4      | Reached XP level 7. HP: 64/64 MP: 7/7
  4313 | D:4      | Found a runed translucent door.
  4314 | D:4      | Noticed Crazy Yiuf
  4330 | D:4      | Killed Crazy Yiuf
  4340 | D:4      | Identified the +3 hammer "Byhana" {protect, *Corrode rElec
                  | rF+ SInv}
  4662 | D:4      | Slain by a gnoll sergeant

Illustrated notes

Levels and vault maps discovered:
D:1:      dpeg_arrival_round_a, layout_basic
D:2:      layout_basic, minmay_hexomino_c4
D:3:      layout_rooms, ebering_ecumenical_altar_webs, corexii_hall_statues_i,
          goddamned_bats
D:4:      layout_loops_ring, minmay_temple_entry_waves,
          ebering_ghost_reflecting_pool, supply_closet_lemuel, lightli_minifort,
          uniq_crazy_yiuf_cottage
D:5:      layout_basic, mainiacjoe_overflow_six_doors_small, minmay_crossroads,
          uniq_prince_ribbit1
Temple:   mainiacjoe_temple_big_plus

Skill      XL: |  1  2  3  4  5  6 |
---------------+-------------------+-----
Stealth        | 8 9 10 | 10.3
Dodging        | 2 3 |  3.1
Short Blades   | 3 |  3.7
Fighting       | 4 |  4.3

Action                   |  1- 3 |  4- 6 |  7- 9 || total
-------------------------+-------+-------+-------++-------
Melee: Short sword       |   101 |    22 |       ||   123
       Dagger            |    27 |   149 |    26 ||   202
       Punch             |       |     1 |       ||     1
 Stab: Sleeping          |    20 |    16 |     2 ||    38
Armor: Leather armour    |    29 |   106 |     3 ||   138
Dodge: Dodged            |    52 |   134 |    17 ||   203

Table legend: (Time is in decaauts)
 A = Elapsed time spent in this place.
 B = Non-inter-level travel time spent in this place.
 C = Inter-level travel time spent in this place.
 D = Time resting spent in this place.
 E = Time spent auto-exploring this place.
 F = Levels seen in this place.
 G = Mean time per level.
                   A        B        C        D        E       F      G
               +--------+--------+--------+--------+--------+-----+--------+
         Total |   5732 |   5626 |    106 |   1222 |   3229 |   6 |  955.3 |
       Dungeon |   5123 |   5053 |     70 |   1222 |   2667 |   5 | 1024.6 |
        Temple |    609 |    573 |     36 |      0 |    562 |   1 |  609.0 |
               +--------+--------+--------+--------+--------+-----+--------+

Top non-repeatable levels by time:
     D:2: 1761 daAuts
     D:1: 1218 daAuts
     D:3: 1084 daAuts
     D:4: 1032 daAuts
  Temple: 609 daAuts
     D:5: 27 daAuts
